 Dungeon Crawl Stone Soup version 0.19.0-2-gae57169 (webtiles) character file.

240 Alarkh the Grave Robber (level 5, -1/31 HPs)
             Began as a Mummy Necromancer on Nov 5, 2016.
             Was an Initiate of Hepliaklqana.
             Slain by an orc priest (5 damage)
             ... on level 4 of the Dungeon.
             The game lasted 00:05:44 (3237 turns).

Alarkh the Grave Robber (Mummy Necromancer)         Turns: 3237, Time: 00:05:45

Health: -1/31      AC:  6    Str: 11    XL:     5   Next: 79%
Magic:  11/11      EV: 12    Int: 15    God:    Hepliaklqana [......]
Gold:   139        SH:  0    Dex: 13    Spells: 3 memorised, 4 levels left

rFire  x . .     SeeInvis +     o - +0 flail
rCold  + . .     Gourm    .     a - +0 robe
rNeg   + + +     Faith    .     (no shield)
rPois  ∞         Spirit   .     (no helmet)
rElec  .         Reflect  .     r - +0 cloak
rCorr  .         Harm     .     (no gloves)
MR     .....                    n - +2 pair of boots
Stlth  ++........               (no amulet)
                                u - ring of see invisible
                                q - ring of flight

@: about to teleport
A: no food or potions, fire vulnerability, reduced essence, cold resistance 1,
negative energy resistance 3, torment resistance, unbreathing
a: Recall Ancestor, Ancestor Identity, Renounce Religion, Evoke Flight


You were on level 4 of the Dungeon.
You worshipped Hepliaklqana.
Hepliaklqana was noncommittal.
You were not hungry.

You visited 2 branches of the dungeon, and saw 5 of its levels.

You collected 139 gold pieces.

Inventory:

Hand Weapons
 c - a +0 short sword
 o - a +0 flail (weapon)
Armour
 a - a +0 robe (worn)
 n - a +2 pair of boots (worn)
 r - a +0 cloak (worn)
Jewellery
 q - a ring of flight (left hand)
 t - an uncursed ring of teleportation
 u - a ring of see invisible (right hand)
Wands
 l - a wand of slowing (9/48)
Scrolls
 d - a scroll of remove curse
 e - a scroll of identify
 g - 4 scrolls of enchant armour {unknown}
 h - a scroll of blinking {unknown}
 i - a scroll of amnesia {unknown}
 j - a scroll of random uselessness {unknown}
 k - a scroll of fog {unknown}
 m - a scroll of noise {unknown}
 p - a scroll of magic mapping {unknown}
Books
 b - a book of Necromancy

   Spells                             Type                      Level
   a - Pain                           Necromancy                   1
   b - Animate Skeleton               Necromancy                   1
   c - Vampiric Draining              Necromancy                   3
   d - Regeneration                   Charms/Necromancy            3
   e - Animate Dead                   Necromancy                   4
   f - Control Undead                 Necromancy                   4
 s - a book of Maledictions

   Spells                             Type                      Level
   a - Corona                         Hexes                        1
   b - Ensorcelled Hibernation        Hexes/Ice                    2
   c - Confuse                        Hexes                        3
   d - Tukima's Dance                 Hexes                        3
   e - Dazzling Spray                 Conjuration/Hexes            3


   Skills:
 - Level 1.5 Dodging
 - Level 1.5 Stealth
 + Level 4.0 Spellcasting
 + Level 5.9 Necromancy


You had 4 spell levels left.
You knew the following spells:

 Your Spells              Type           Power        Failure   Level  Hunger
a - Pain                  Necr           ###.         1%          1    N/A
b - Vampiric Draining     Necr           ###.......   6%          3    N/A
c - Control Undead        Necr           ###.......   21%         4    N/A

Dungeon Overview and Level Annotations

Branches:
Dungeon (4/15)             Temple (1/1) D:4

Altars:
Ashenzari
Cheibriados
Dithmenos
Elyvilon
Fedhas
Gozag
Hepliaklqana
Kikubaaqudgha
Makhleb
Nemelex Xobeh
Okawaru
Qazlal
Ru
Sif Muna
Trog
Uskayaw
Vehumet
Xom
Yredelemnul
Zin
The Shining One

Annotations:
D:4 Dowan, Pikel


Innate Abilities, Weirdness & Mutations

You do not eat or drink.
Your flesh is vulnerable to fire.
You are immune to poison.
Your flesh is cold resistant. (rC+)
You are immune to negative energy. (rN+++)
You are immune to unholy pain and torment.
You can survive without breathing.
Your life essence is reduced. (-10% HP)


Message History

Beogh smites you! The slave hits you but does no damage.
A hound comes into view.
The centaur shoots an arrow.
The arrow hits Tepiltzin!
The arrow freezes Tepiltzin.
Your surroundings seem slightly different.
Pikel the Slaver comes into view.
He is wielding a whip of freezing.
Pikel shouts!
Tepiltzin closely misses the slave.
An orc priest comes into view. It is wielding a hand axe.
As you read the scroll of teleportation, it crumbles to dust.
You feel strangely unstable.
The orc priest shouts!
The centaur shoots an arrow.
The arrow barely misses Tepiltzin.
The arrow hits you!
* * * LOW HITPOINT WARNING * * *
The arrow freezes you.
* * * LOW HITPOINT WARNING * * *
Tepiltzin closely misses the slave.
The orc priest hits you.
You die...

...##..............#.
......
...###................#
#...
......................#
###...
......................#
..#.....
......................#.
........
........................
...##...
.......#####§...........
.....#.
.......#####............
###..#.
...........#(.p.@.......
#....
....#........R..ol......
......#.
....#......c###.p.......
.######. ....#.......#
#......... >.......
..#......c. #K........
..#.....
..........Z.p.......
#.....
............ho......
#.....
......Z.............
......# .......###...
#......


You could see the friendly Tepiltzin the ancestor, Pikel, 3 slaves, a centaur,
an iguana, a hound (wandering), 2 orc priests and a centaur skeleton.

Vanquished Creatures
  Natasha (thrice) (D:2)
  7 adders
  4 worms (D:2)
  2 dart slugs
  5 leopard geckos
  2 orcs (D:3)
  2 ball pythons
  11 bats
  5 giant cockroaches
  8 goblins
  6 hobgoblins
  5 jackals
  2 ball python skeletons (D:4)
  4 frilled lizards
  10 kobolds
  7 rats
83 creatures vanquished.

Notes
Turn   | Place    | Note
-------+----------+-------------------------------------------
     0 | D:1      | Alarkh the Mummy Necromancer began the quest for the Orb.
     0 | D:1      | Reached XP level 1. HP: 13/13 MP: 3/3
   173 | D:1      | Reached XP level 2. HP: 18/19 MP: 1/5
   639 | D:2      | Reached XP level 3. HP: 24/24 MP: 1/6
   868 | D:2      | Reached skill level 5 in Necromancy
   993 | D:2      | Reached XP level 4. HP: 25/30 MP: 3/8
  1008 | D:2      | Noticed Natasha
  1137 | D:2      | Killed Natasha
  1282 | D:2      | Noticed Natasha
  1296 | D:2      | Killed Natasha
  1383 | D:2      | Reached XP level 5. HP: 35/35 MP: 4/10
  1776 | D:2      | Noticed Natasha
  1809 | D:2      | Killed Natasha
  2394 | D:3      | Learned a level 3 spell: Vampiric Draining
  2399 | D:3      | Learned a level 4 spell: Control Undead
  2961 | D:4      | Noticed a slave
  2974 | D:4      | Found a staircase to the Ecumenical Temple.
  2994 | Temple   | Entered the Ecumenical Temple
  3081 | Temple   | Became a worshipper of Hepliaklqana the Forgotten
  3206 | D:4      | Noticed Dowan
  3228 | D:4      | Noticed a slave
  3229 | D:4      | Noticed a slave
  3231 | D:4      | Noticed a slave
  3231 | D:4      | Noticed a centaur
  3236 | D:4      | Noticed Pikel
  3237 | D:4      | Slain by an orc priest

Skill      XL: |  1  2  3  4  5 |
---------------+----------------+-----
Necromancy     | 5 |  5.9
Spellcasting   | 3 4 |  4.0
Dodging        | |  1.5
Stealth        | |  1.5

Action                   |  1- 3 |  4- 6 || total
-------------------------+-------+-------++-------
Melee: Short sword       |    20 |    39 ||    59
       Flail             |       |     4 ||     4
 Cast: Pain              |    56 |   107 ||   163
Invok: Recall Ancestor   |       |     4 ||     4
       Ancestor Identity |       |     1 ||     1
  Use: Scroll            |     1 |     4 ||     5
 Stab: Sleeping          |     1 |     1 ||     2
Armor: Robe              |    11 |    11 ||    22
Dodge: Dodged            |    40 |    59 ||    99
